[Event "Mitropa Cup Open 2024"]
[Site "Apolda"]
[Date "2024.02.20"]
[Round "6.14"]
[White "Goroshkov, Maksym"]
[Black "Ivekovic, Bozidar"]
[Result "1/2-1/2"]
[ECO "C47"]
[WhiteElo "2338"]
[BlackElo "2399"]
[Annotator "RC"]
[PlyCount "126"]
[EventDate "2024.02.15"]
[EventType "team-tourn"]
[EventCountry "GER"]
[SourceTitle "playchess.com"]
[Source "ChessBase"]
[SourceQuality "1"]
[WhiteTeam "Slovenia"]
[BlackTeam "Croatia"]
[WhiteTeamCountry "SLO"]
[BlackTeamCountry "CRO"]
[TimeControl "40/5400+30:1800+30"]

1. e4 e5 2. Nf3 Nc6 3. d4 exd4 4. Nxd4 Nf6 5. Nc3 Bb4 6. Nxc6 bxc6 7. Bd3 d5 8. exd5 cxd5 9. O-O O-O 10. h3 c6 11. Qf3 Bd6 12. Bf4 Be6 13. Ne2 c5 14. c3 a5 15. Bc2 Qb6 16. b3 Rfe8 17. Rfe1 Bf8 18. Ng3 g6 19. Bg5 Nd7 20. Nh5 gxh5 21. Qxh5 f5 22. g4 Bf7 23. Qh4 Ne5 24. Qg3 f4 25. Bxf4 Ng6 26. h4 Bg7 27. Bd2 d4 28. h5 Nf8 29. cxd4 Bxd4 30. Rad1 Rxe1+ 31. Rxe1 Re8 32. Rxe8 Bxe8 33. Qf4 Qd8 34. Be3 Bf7 35. Kg2 Bd5+ 36. f3 Ne6 37. Qh6 Bxe3 38. Qxe3 Qf6 39. Bf5 Nd4 40. Be4 Be6 41. g5 Qf7 42. g6 hxg6 43. hxg6 Qf6 44. Qh6 Nf5 45. Bxf5 Bxf5 46. Qh7+ Kf8 47. Qc7 Qg5+ 48. Kf2 Bxg6 49. Qxa5 Qh4+ 50. Kg2 Qd4 51. Qc7 Bf7 52. Qa7 Bd5 53. Qb8+ Kf7 54. Qc7+ Kf6 55. Qd8+ Kf5 56. Qf8+ Kg5 57. Kf1 Qa1+ 58. Kf2 Qd4+ 59. Kg2 Qd2+ 60. Kg3 Qe1+ 61. Kg2 Qe5 62. Kf2 Qh2+ 63. Kf1 Qe5 1/2-1/2

[Event "Mitropa Cup Open 2024"]
[Site "Apolda"]
[Date "2024.02.20"]
[Round "6.15"]
[White "Tomulic, Teo"]
[Black "Lavrencic, Matic"]
[Result "1/2-1/2"]
[ECO "B85"]
[WhiteElo "2386"]
[BlackElo "2299"]
[Annotator "ChessBase"]
[PlyCount "240"]
[EventDate "2024.02.15"]
[EventType "team-tourn"]
[EventCountry "GER"]
[SourceTitle "playchess.com"]
[Source "ChessBase"]
[SourceQuality "1"]
[WhiteTeam "Croatia"]
[BlackTeam "Slovenia"]
[WhiteTeamCountry "CRO"]
[BlackTeamCountry "SLO"]
[TimeControl "40/5400+30:1800+30"]

1. e4 c5 2. Nf3 e6 3. d4 cxd4 4. Nxd4 Nf6 5. Nc3 Nc6 6. Be2 Qc7 7. O-O Be7 8. Be3 O-O 9. f4 d6 10. Bf3 a6 11. Qe2 Nxd4 12. Bxd4 e5 13. Bf2 exf4 14. Qd2 Be6 15. Qxf4 Nd7 16. Nd5 Bxd5 17. exd5 Bf6 18. c3 Be5 19. Qd2 g6 20. Rac1 Bg7 21. c4 a5 22. b3 b6 23. Rfe1 Ne5 24. Be2 Rfe8 25. h3 h5 26. Bf1 Kh7 27. Be3 Nd7 28. Bf4 Be5 29. Be3 Bg3 30. Re2 Nc5 31. Bd4 Qd7 32. Rxe8 Rxe8 33. Bd3 Be5 34. Be3 Qe7 35. Bb1 Bh2+ 36. Kxh2 Qxe3 37. Rd1 Kg7 38. Bc2 Qe5+ 39. Kg1 Qg3 40. Qf2 Qe5 41. Rf1 f5 42. a3 Qe3 43. b4 axb4 44. axb4 Na6 45. Rb1 f4 46. Qxe3 Rxe3 47. Ba4 Re4 48. Bb5 Nc7 49. Bc6 Rxc4 50. Ra1 Kf6 51. Ra7 Ne6 52. Rd7 Ng5 53. Rxd6+ Ke5 54. Rxg6 Ne4 55. Kf1 Rxb4 56. d6 Nxd6 57. Rg5+ Kf6 58. Rxh5 Nf5 59. Rh8 Rb2 60. Rd8 Ne3+ 61. Kg1 b5 62. Rd4 Ke5 63. Re4+ Kd6 64. Bxb5 Rxb5 65. Rxf4 Ke5 66. Ra4 Rb2 67. g4 Nd5 68. Kf1 Nc3 69. Rc4 Ne4 70. Ke1 Kd5 71. Rc8 Kd4 72. Rd8+ Ke3 73. Kd1 Rh2 74. Kc1 Rxh3 75. Kc2 Rh2+ 76. Kb3 Rh7 77. g5 Nxg5 78. Kc4 Nf3 79. Re8+ Kf4 80. Rf8+ Ke4 81. Re8+ Ne5+ 82. Kc3 Rc7+ 83. Kd2 Rc6 84. Re7 Kd4 85. Re8 Rd6 86. Ke2 Nd3 87. Rf8 Rd7 88. Kf3 Re7 89. Rd8+ Kc3 90. Rc8+ Kd2 91. Rd8 Re3+ 92. Kg4 Re5 93. Kf3 Re7 94. Ra8 Rf7+ 95. Ke4 Rf4+ 96. Kd5 Rh4 97. Rd8 Nb4+ 98. Ke5+ Ke3 99. Ra8 Rh5+ 100. Kf6 Nd5+ 101. Kg6 Rh1 102. Kf5 Rh5+ 103. Kg6 Re5 104. Ra3+ Ke4 105. Ra4+ Kf3 106. Ra1 Nf4+ 107. Kf6 Rb5 108. Rf1+ Ke4 109. Re1+ Kd4 110. Rd1+ Nd3 111. Rh1 Rb6+ 112. Kf5 Ra6 113. Rh4+ Kd5 114. Rh8 Rd6 115. Ra8 Rd7 116. Kf6 Nc5 117. Ra5 Rb7 118. Ra1 Ne4+ 119. Kf5 Rf7+ 120. Kg4 Ke5 1/2-1/2

[Event "Mitropa Cup Open 2024"]
[Site "Apolda"]
[Date "2024.02.20"]
[Round "6.16"]
[White "Olenik Campa, Rudi"]
[Black "Novosel, Lovro"]
[Result "1-0"]
[ECO "B51"]
[WhiteElo "2299"]
[BlackElo "2373"]
[Annotator "TA"]
[PlyCount "115"]
[EventDate "2024.02.15"]
[EventType "team-tourn"]
[EventCountry "GER"]
[SourceTitle "playchess.com"]
[Source "ChessBase"]
[SourceQuality "1"]
[WhiteTeam "Slovenia"]
[BlackTeam "Croatia"]
[WhiteTeamCountry "SLO"]
[BlackTeamCountry "CRO"]
[TimeControl "40/5400+30:1800+30"]

1. e4 c5 2. Nf3 d6 3. Bb5+ Nd7 4. a4 Ngf6 5. Nc3 g6 6. a5 {[%emt 0:00:09] B51: Sizilianisch (Rossolimo-Variante).} a6 7. Be2 Bg7 8. O-O O-O 9. d3 Ng4 10. Nd2 Nge5 11. f4 Nc6 12. Nc4 b5 13. axb6 Nxb6 14. Ne3 $146 ({Predecessor:} 14. Nxb6 Qxb6 15. Nd5 Qb7 16. c3 e6 17. Ne3 Ne7 18. Qe1 Rb8 19. Qh4 f5 20. Nc4 {½-½ Obada,E (1964)-Matasaru,S (1909) ROM-chT (Women) 2021 (5.2)}) 14... Nd4 15. Qe1 Bb7 16. Bd1 Qc7 (16... e6 $11) 17. f5 $16 Nd7 (17... Kh8 $1 $14) 18. Qh4 Qd8 19. Ng4 Nf6 (19... Ne5 $16) 20. Nh6+ $18 Bxh6 21. Qxh6 Kh8 22. Ne2 Nxe2+ 23. Bxe2 Bc8 24. Bg5 Ng8 (24... Rg8 $16 25. fxg6 Rxg6) 25. Qh4 $18 gxf5 26. Bh5 Ra7 (26... Qb6 $16 {war angesagt.}) 27. exf5 $18 f6 28. Bd2 d5 29. Rae1 Qb6 30. Re3 (30. Rf2 $142) 30... e5 $18 31. fxe6 Bxe6 32. b3 Rg7 33. Kh1 Bf7 34. Bxf7 Rgxf7 (34... Rfxf7 $16 35. Rf5 c4) 35. Ref3 (35. Rfe1 $18) 35... Qc6 $16 36. Qh5 c4 (36... Rg7 $16 {ist eine bessere Verteidigung.}) 37. dxc4 $18 dxc4 38. b4 Rg7 39. Qh3 Rg6 40. Bc3 Ne7 41. Bd4 Nd5 42. c3 Kg8 43. Qh4 ({Besser ist} 43. Rf5) 43... Re8 $16 44. Bc5 (44. Bxf6 $2 Nxf6 45. Qf2 Qd6 $19) 44... Re6 (44... Ne3 $14 45. Bxe3 Rxe3) 45. Rh3 $16 (45. Qxc4 Rxg2 (45... Ne3 46. Qxe6+ Qxe6 47. Bxe3 $14) 46. Qd3 (46. Kxg2 $2 Ne3+ 47. Bxe3 Qxc4 $17) 46... Rg5 $11) 45... Rg7 (45... h6 $16) 46. Rg3 (46. Qxc4 Rxg2 (46... Ne3 47. Qxe6+ Qxe6 48. Rxe3 $15) 47. Qd3 Rg6 $11) 46... Rg6 47. Rd1 (47. Qxc4 Rxg3 48. hxg3 Ne3 $11) 47... Kg7 48. Rg1 ({Schlechter ist} 48. Qxc4 Rxg3 49. hxg3 Ne3 $17) 48... Qb5 49. Rh3 h6 50. Qd4 Re5 51. Rf3 h5 (51... a5 $16) 52. h3 $18 Rgg5 53. Rgf1 Kg6 $2 (53... Qe8 54. Qxc4 Qb5) 54. Ra1 $2 (54. h4 $18 {und der Rest ist Schweigen.} Rg4 55. Rxf6+ Nxf6 56. Qxe5) 54... Ref5 $2 (54... Re2 $16) 55. Qe4 $18 Qd7 56. Raf1 (56. Qxc4 $2 {ist das falsche Schlagen.} Rxf3 57. Qe4+ Rff5 $19) 56... h4 57. Rxf5 Rxf5 58. Qg4+ ({Nicht} 58. Qxc4 Rxf1+ 59. Qxf1 Nxc3 $16) 1-0

[Event "Mitropa Cup Open 2024"]
[Site "Apolda"]
[Date "2024.02.20"]
[Round "6.17"]
[White "Girel, Joseph"]
[Black "Bluebaum, Matthias"]
[Result "0-1"]
[ECO "B12"]
[WhiteElo "2492"]
[BlackElo "2655"]
[Annotator "TA"]
[PlyCount "72"]
[EventDate "2024.02.15"]
[EventType "team-tourn"]
[EventCountry "GER"]
[SourceTitle "playchess.com"]
[Source "ChessBase"]
[SourceQuality "1"]
[WhiteTeam "France"]
[BlackTeam "Germany"]
[WhiteTeamCountry "FRA"]
[BlackTeamCountry "GER"]
[TimeControl "40/5400+30:1800+30"]

1. e4 c6 2. d4 d5 3. e5 Bf5 4. Nc3 e6 5. g4 Bg6 6. Nge2 Ne7 7. Nf4 h6 8. Nxg6 Nxg6 9. Be3 {[%emt 0:08:15] [#]} c5 $1 {[%emt 0:04:55] Black is slightly better.} 10. f4 (10. dxc5 Nd7) 10... Nc6 {[%emt 0:05:55] ...cxd4 would now be deadly.} 11. Bb5 $1 {[%emt 0:02:21] [#]} h5 $1 12. g5 Nh4 {[%emt 0:03:21] White must now prevent ...cxd4.} 13. Qe2 cxd4 14. Bxd4 a6 15. Bxc6+ bxc6 16. Qf2 Nf5 17. Bc5 Rb8 18. Bxf8 Kxf8 19. Qc5+ Qe7 20. Qxe7+ Kxe7 21. b3 Rb4 22. Ne2 c5 {[%emt 0:02:52] Black has more active pieces. The white rooks are passive.} 23. Kd2 h4 24. Rhf1 a5 25. Rf3 Rc8 26. Rc1 a4 27. c4 axb3 (27... d4 $142 {...Ne3 is the strong threat.} 28. Re1 Ra8) 28. axb3 Rd8 29. Ke1 $2 {[%emt 0:04:48] [#] Loses the game.} (29. cxd5 $17 Rxd5+ 30. Ke1) 29... d4 $1 $19 {[%emt 0:01:34] And now ...d3 would win.} 30. Rd3 Rdb8 31. Ra1 Rxb3 {[%emt 0:00:21] Black is clearly winning.} 32. Rxb3 Rxb3 33. Ra7+ Ke8 34. Ra8+ Kd7 35. Ra7+ Kc6 36. Rxf7 Rb4 {[%emt 0:01:10] Weighted Error Value: White=0.32/Black=0.06 (flawless) .  Loses game:     	White=1     	---        Mistake:       	---       	Black=1      Inaccurate:     	White=4     	Black=1      OK:         	White=6     	Black=11     Best:        	---       	Black=2      Strong:       	White=1     	Black=1} 0-1

[Event "Mitropa Cup Open 2024"]
[Site "Apolda"]
[Date "2024.02.20"]
[Round "6.18"]
[White "Svane, Rasmus"]
[Black "Makkar, Rajat"]
[Result "1-0"]
[ECO "D45"]
[WhiteElo "2637"]
[BlackElo "2453"]
[Annotator "RC"]
[PlyCount "159"]
[EventDate "2024.02.15"]
[EventType "team-tourn"]
[EventCountry "GER"]
[SourceTitle "playchess.com"]
[Source "ChessBase"]
[SourceQuality "1"]
[WhiteTeam "Germany"]
[BlackTeam "France"]
[WhiteTeamCountry "GER"]
[BlackTeamCountry "FRA"]
[TimeControl "40/5400+30:1800+30"]

1. d4 d5 2. c4 c6 3. Nc3 Nf6 4. e3 e6 5. Nf3 Nbd7 6. Qc2 Bd6 7. b3 O-O 8. Be2 b6 9. O-O Bb7 10. Bb2 Qe7 11. a4 Bb4 12. Na2 Bd6 13. a5 bxa5 14. c5 Bc7 15. Nc1 Ne4 16. Bd3 f5 17. Ne2 Rf6 18. g3 Rh6 19. Ne1 Qf7 20. f3 Ng5 21. h4 Qh5 22. Nf4 Bxf4 23. exf4 Nh3+ 24. Kg2 Nxf4+ 25. gxf4 Qxh4 26. Rg1 Qxf4 27. Kf1 Rh2 28. Qc1 Qh4 29. Rg2 Rh1+ 30. Ke2 f4 31. Qc3 Qh3 32. Rf2 Qg3 33. Qd2 e5 34. Kd1 e4 35. fxe4 Nf6 36. Kc2 Ng4 37. Rf3 Qh2 38. e5 Ne3+ 39. Kc3 g5 40. Qxh2 Rxh2 41. Nc2 Ng4 42. Re1 Re8 43. Bc1 Bc8 44. b4 Nf2 45. Rg1 Nh3 46. Rxh3 Rxh3 47. Rxg5+ Kh8 48. Bxf4 Rf8 49. Be3 axb4+ 50. Kxb4 Rff3 51. Rg1 Rxe3 52. Nxe3 Rxe3 53. Bc2 Bd7 54. Ra1 Re2 55. Kc3 h5 56. Rxa7 Bg4 57. Rc7 Re3+ 58. Kd2 Re2+ 59. Kc3 Re3+ 60. Kb4 Re2 61. Ba4 Re4 62. Kc3 Re3+ 63. Kd2 Re4 64. Kd3 Bf5 65. Kc3 Re3+ 66. Kb4 Re4 67. Kc3 Re3+ 68. Kb4 Re4 69. Bxc6 Rxd4+ 70. Ka5 h4 71. Bd7 Bxd7 72. Rxd7 h3 73. Rf7 h2 74. Rf1 Rh4 75. Rh1 Kg7 76. c6 Kf7 77. c7 Rc4 78. Rxh2 Ke6 79. Rh6+ Kd7 80. Kb6 1-0

[Event "Mitropa Cup Open 2024"]
[Site "Apolda"]
[Date "2024.02.20"]
[Round "6.19"]
[White "Velten, Paul"]
[Black "Kollars, Dmitrij"]
[Result "1-0"]
[ECO "C45"]
[WhiteElo "2470"]
[BlackElo "2632"]
[Annotator "RC"]
[PlyCount "95"]
[EventDate "2024.02.15"]
[EventType "team-tourn"]
[EventCountry "GER"]
[SourceTitle "playchess.com"]
[Source "ChessBase"]
[SourceQuality "1"]
[WhiteTeam "France"]
[BlackTeam "Germany"]
[WhiteTeamCountry "FRA"]
[BlackTeamCountry "GER"]
[TimeControl "40/5400+30:1800+30"]

1. e4 e5 2. Nf3 Nc6 3. d4 exd4 4. Nxd4 Nf6 5. Nxc6 bxc6 6. Nd2 Bc5 7. Nb3 Nxe4 8. Nxc5 Nxc5 9. Be3 Ne6 10. Qh5 Qf6 11. Bd3 d5 12. O-O h6 13. Rae1 O-O 14. f4 Re8 15. g4 Bd7 16. c3 Nf8 17. g5 hxg5 18. fxg5 Qe6 19. Rf4 g6 20. Qh6 Qe5 21. Rh4 Qg7 22. Qxg7+ Kxg7 23. Bd4+ f6 24. Bxf6+ Kf7 25. Rf1 Bf5 26. Bxf5 gxf5 27. Rxf5 Re1+ 28. Kg2 Rae8 29. Rf2 R8e2 30. Ra4 Ne6 31. Rxa7 Kg6 32. Ra6 Re4 33. Rxc6 Rg4+ 34. Kf3 Rf4+ 35. Kg3 Rg1+ 36. Rg2 Rgf1 37. h3 Kf5 38. Kh2 R4f3 39. Bd4 Nf4 40. Rf6+ Ke4 41. Rxf4+ Rxf4 42. g6 Rf8 43. g7 Rg8 44. b4 Kf5 45. a4 Ke6 46. a5 Ra1 47. Rf2 c5 48. Rf8 1-0

[Event "Mitropa Cup Open 2024"]
[Site "Apolda"]
[Date "2024.02.20"]
[Round "6.20"]
[White "Svane, Frederik"]
[Black "Decuigniere, Tom"]
[Result "1-0"]
[ECO "B52"]
[WhiteElo "2625"]
[BlackElo "2401"]
[Annotator "TA"]
[PlyCount "91"]
[EventDate "2024.02.15"]
[EventType "team-tourn"]
[EventCountry "GER"]
[SourceTitle "playchess.com"]
[Source "ChessBase"]
[SourceQuality "1"]
[WhiteTeam "Germany"]
[BlackTeam "France"]
[WhiteTeamCountry "GER"]
[BlackTeamCountry "FRA"]
[TimeControl "40/5400+30:1800+30"]

1. e4 c5 2. Nf3 d6 3. Bb5+ Bd7 4. c4 e5 5. Bxd7+ Qxd7 6. Nc3 Nc6 7. d3 Be7 8. O-O Bd8 9. h3 Nge7 {[%emt 0:06:25] The position is equal.} 10. Nh4 h6 11. Qg4 g5 {[%emt 0:05:26] Hoping for ...Qxg4.} 12. Nf5 Nxf5 13. Qxf5 Nd4 14. Qxd7+ Kxd7 15. Rb1 h5 16. Nd5 g4 17. Kh2 Rg8 (17... f5 $11 {remains equal.}) 18. Be3 gxh3 19. Kxh3 Be7 ({Black should try} 19... Nc2) 20. b4 $16 b6 21. Bxd4 cxd4 22. g3 {[%emt 0:01:49] White is more active.} Rg7 (22... Raf8 $16) 23. Rb3 $1 $18 f5 (23... Bg5 {might work better.} 24. b5 Kc8) 24. exf5 {[%emt 0:01:00] Black must now prevent f6.} Rf7 {[%emt 0:00:10] Black is weak on the light squares} 25. Ra3 {[%emt 0:01:12] Nxb6+ is the strong threat.} Bd8 26. g4 hxg4+ 27. Kxg4 Kc6 28. f4 Bh4 29. Kf3 (29. Kxh4 $2 {perishes.} Rg8 $19) 29... exf4 30. Kxf4 (30. b5+ Kb7 $11) (30. Rg1 $18) 30... Re8 {[%emt 0:00:59] [#] Black cannot hold the game after this.} (30... Rh8 $16 31. Ra4 Bd8) 31. Rh1 $1 Be1 $2 (31... Bd8 32. b5+ Kb7) 32. f6 Re5 33. b5+ Kc5 34. Rh8 {[%emt 0:04:37] Intending Rc8+ and mate.} Bd2+ 35. Kf3 {[%emt 0:01:39] Threatening mate with Rc8+.} Rxd5 {[%emt 0:00:35] [#]} 36. Rc8+ $1 (36. cxd5 Rxf6+ 37. Kg4 Rf4+ 38. Kg3 Rf7 $16) 36... Kb4 37. Rb3+ Ka4 38. cxd5 Rxf6+ {[%emt 0:00:03][%mdl 4096] Endgame. KRR-KRB} (38... Bg5 $142 39. Rc4+ Ka5 40. Rxd4 (40. Ra3+ Kxb5 41. Rb3+ Ka6 $18) 40... Rxf6+ 41. Kg4 Bd2) 39. Ke2 {[%emt 0:00:07] White threatens Rc4+ and mate.} Bc3 40. Rc4+ Ka5 41. Rc7 (41. Ra3+ $142 Kxb5 42. Rxa7 Rf2+ 43. Kxf2 Be1+ 44. Kg2 Bh4 45. a4#) 41... Ka4 42. Rxa7+ Ba5 43. Rc7 (43. Rh7 $142 Rf4 44. Rc7) 43... Bc3 44. Rc4+ {[%emt 0:00:28] White mates.} Ka5 45. Ra3+ Kxb5 46. Ra8 {[%emt 0:00:05] Weighted Error Value: White=0.34/Black=0.64.  Mistake:       	White=1     	Black=7      Inaccurate:     	White=2     	Black=4      OK:         	White=11    	Black=7      Best:        	White=4     	Black=3      Strong:       	White=1     	---} 1-0

[Event "Mitropa Cup Open 2024"]
[Site "Apolda"]
[Date "2024.02.21"]
[Round "7.1"]
[White "Subelj, Jan"]
[Black "Girel, Joseph"]
[Result "1/2-1/2"]
[ECO "A20"]
[WhiteElo "2512"]
[BlackElo "2492"]
[Annotator "TA"]
[PlyCount "79"]
[EventDate "2024.02.15"]
[EventType "team-tourn"]
[EventCountry "GER"]
[SourceTitle "playchess.com"]
[Source "ChessBase"]
[SourceQuality "1"]
[WhiteTeam "Slovenia"]
[BlackTeam "France"]
[WhiteTeamCountry "SLO"]
[BlackTeamCountry "FRA"]
[TimeControl "40/5400+30:1800+30"]

1. c4 e5 2. g3 Nf6 3. Bg2 c6 4. Nf3 e4 5. Nd4 Qb6 6. Nb3 a5 {[%emt 0:00:39][%cal Ba7a5,Ba5a4][%mdl 32] [#] Hoping for ...a4.} 7. d3 a4 8. N3d2 {[%emt 0:00:30] White is slightly better.} Bc5 9. O-O e3 10. fxe3 Bxe3+ 11. Kh1 Ng4 12. Ne4 {[%emt 0:00:00] Threatens to win with Nd6+.} (12. Nc3 $5) 12... O-O 13. Nbc3 d5 14. cxd5 (14. Nxa4 $2 Rxa4 15. Nd6 Ra6 16. Nxc8 Rxc8 $19) 14... Ra5 15. Nd6 $1 {[%emt 0:00:00] Nc4 is the strong threat.} Bxc1 16. Rxc1 {[%emt 0:00:00] Black must now prevent Nc4.} Nf2+ {[%emt 0:00:00] [#]} 17. Rxf2 $1 Qxf2 18. Qd2 {[%emt 0:03:30] Strongly threatening d4.} Ra6 19. Nce4 {[%emt 0:00:30] Excellent horsemanship.} Qd4 20. e3 Qe5 (20... Qxd5 $2 21. Nf6+ gxf6 22. Bxd5 $18) 21. d4 {[%emt 0:00:00] Black is weak on the dark squares} Qe7 (21... Qxd5 $2 22. Nf6+ gxf6 23. Bxd5 $18) 22. Nxc8 Rxc8 23. d6 Qe6 24. Nc5 $1 Qxd6 25. Qb4 $1 Qe7 (25... Ra7 $2 26. Qb6 Ra8 27. Qxb7 $18) 26. Nxa6 Qxe3 27. Rf1 (27. Qxb7 $2 Qxc1+) 27... bxa6 28. Qxa4 Rd8 29. Qc4 (29. Bxc6 Nxc6 (29... Qxd4 30. Qb3 $16) (29... Rxd4 30. Qc2 $11) 30. Qxc6 Qxd4) 29... Qe6 30. Qxe6 fxe6 $14 {[%emt 0:00:00][%mdl 4096] Endgame. KRB-KRN} 31. Bh3 Rd6 32. Kg2 Nd7 33. Kf3 Kf7 34. Ke4+ Ke7 35. Ke3 Nf6 {[%emt 0:00:29] The position is equal.} 36. Rc1 Nd5+ 37. Ke2 e5 38. dxe5 Rh6 39. Bg2 Rxh2 40. Kf3 {[%emt 0:02:00] Weighted Error Value: White=0.04 (flawless) /Black=0.04 (flawless) .  Inaccurate:     	White=1     	Black=2      OK:         	White=16    	Black=21     Best:        	White=4     	Black=4      Strong:       	White=3     	---        Brilliant:      	White=1     	---} 1/2-1/2

[Event "Mitropa Cup Open 2024"]
[Site "Apolda"]
[Date "2024.02.21"]
[Round "7.2"]
[White "Makkar, Rajat"]
[Black "Goroshkov, Maksym"]
[Result "0-1"]
[ECO "E11"]
[WhiteElo "2453"]
[BlackElo "2338"]
[Annotator "RC"]
[PlyCount "62"]
[EventDate "2024.02.15"]
[EventType "team-tourn"]
[EventCountry "GER"]
[SourceTitle "playchess.com"]
[Source "ChessBase"]
[SourceQuality "1"]
[WhiteTeam "France"]
[BlackTeam "Slovenia"]
[WhiteTeamCountry "FRA"]
[BlackTeamCountry "SLO"]
[TimeControl "40/5400+30:1800+30"]

1. d4 Nf6 2. c4 e6 3. Nf3 d5 4. g3 Bb4+ 5. Bd2 a5 6. Bg2 O-O 7. Qb3 c5 8. Bxb4 axb4 9. dxc5 Nc6 10. Nbd2 d4 11. e3 e5 12. O-O Nd7 13. exd4 exd4 14. Qd1 Nxc5 15. Nb3 Nxb3 16. Qxb3 Qf6 17. Nd2 Bf5 18. Ne4 Qg6 19. Rfe1 Rfe8 20. Qf3 Ne5 21. Qd1 Rad8 22. c5 d3 23. Nd6 Bg4 24. Qd2 Nf3+ 25. Bxf3 Rxe1+ 26. Rxe1 Bxf3 27. Re3 Be2 28. Nxb7 Ra8 29. h4 h5 30. Qxb4 Rxa2 31. Nd6 d2 0-1

[Event "Mitropa Cup Open 2024"]
[Site "Apolda"]
[Date "2024.02.21"]
[Round "7.3"]
[White "Lavrencic, Matic"]
[Black "Velten, Paul"]
[Result "1/2-1/2"]
[ECO "B11"]
[WhiteElo "2299"]
[BlackElo "2470"]
[Annotator "TA"]
[PlyCount "58"]
[EventDate "2024.02.15"]
[EventType "team-tourn"]
[EventCountry "GER"]
[SourceTitle "playchess.com"]
[Source "ChessBase"]
[SourceQuality "1"]
[WhiteTeam "Slovenia"]
[BlackTeam "France"]
[WhiteTeamCountry "SLO"]
[BlackTeamCountry "FRA"]
[TimeControl "40/5400+30:1800+30"]

1. e4 c6 2. Nc3 d5 3. Nf3 Bg4 4. h3 Bxf3 5. Qxf3 e6 6. d4 Nf6 7. a3 dxe4 8. Qe3 Nbd7 9. Nxe4 Nxe4 10. Qxe4 Nf6 11. Qd3 Bd6 12. Be2 O-O 13. O-O Qc7 14. Qf3 Rad8 15. c3 a6 16. a4 Rd7 17. Rd1 Rfd8 18. g3 Be7 19. Kg2 a5 20. Bd3 Qb6 21. Qe2 g6 22. h4 h5 23. Qc2 Kg7 {[%emt 0:01:25][%cal Oe6e5] The position is equal.} 24. Be2 c5 25. Bb5 {[%emt 0:01:16][%cal Od4c5] [#] Strongly threatening dxc5!} Rd5 26. Bc4 {[%emt 0:00:33] This pair of bishops is nice.} Rf5 27. Bd3 Rfd5 28. Bc4 Rf5 29. Bd3 Rfd5 {[%emt 0:01:19] An uneventful encounter.   Weighted Error Value: White=0.04 (flawless) /Black=0.04 (flawless) .  Inaccurate:     	White=2     	---        OK:         	White=11    	Black=14     Best:        	White=2     	---} 1/2-1/2

[Event "Mitropa Cup Open 2024"]
[Site "Apolda"]
[Date "2024.02.21"]
[Round "7.4"]
[White "Decuigniere, Tom"]
[Black "Olenik Campa, Rudi"]
[Result "1-0"]
[ECO "D38"]
[WhiteElo "2401"]
[BlackElo "2299"]
[Annotator "TA"]
[PlyCount "53"]
[EventDate "2024.02.15"]
[EventType "team-tourn"]
[EventCountry "GER"]
[SourceTitle "playchess.com"]
[Source "ChessBase"]
[SourceQuality "1"]
[WhiteTeam "France"]
[BlackTeam "Slovenia"]
[WhiteTeamCountry "FRA"]
[BlackTeamCountry "SLO"]
[TimeControl "40/5400+30:1800+30"]

1. d4 Nf6 2. c4 e6 3. Nf3 d5 4. Nc3 Bb4 5. Qa4+ Nc6 6. a3 Bxc3+ 7. bxc3 Ne4 8. Bf4 O-O 9. h4 Bd7 {[%emt 0:17:55] Threatens to win with ...e5. The position is equal.} 10. Qc2 Ne7 11. e3 c5 12. Bd3 Qa5 (12... Rc8 $11) 13. O-O $14 Ng6 14. Bh2 Rfc8 15. h5 Ne7 16. Bxe4 dxe4 17. Ne5 Bc6 18. h6 {[%emt 0:03:16] White is more active.} Ng6 (18... Qa4 $16 {was worth a try.} 19. Qe2 f6) 19. Nxc6 $18 Rxc6 {[%emt 0:03:16] [#]} (19... bxc6 {was necessary.} 20. Qxe4 Qa6 21. dxc5 gxh6) 20. d5 $1 (20. Qxe4 cxd4 21. cxd4 Rxc4 22. Qxb7 Rac8 23. hxg7 Kxg7) 20... Ra6 21. Qxe4 Qxc3 (21... exd5 $142 22. cxd5 Qa4) 22. d6 Rxa3 $2 (22... Rb6 23. d7 Rd8) 23. Rxa3 {[%emt 0:09:11] White is clearly winning.} ({Stronger than} 23. Qxb7 Rxa1 24. Qxa8+ Nf8 $11) 23... Qxa3 24. Qxb7 Rf8 25. d7 Qd3 {[%emt 0:00:24] Prevents Bd6} 26. Qc7 {[%emt 0:00:42] [#] Bd6 would kill now.} ({Weaker is} 26. Qxa7 Rd8 27. Qa1 (27. Qxc5 Qxd7 28. hxg7 h6 $18) 27... gxh6 $18) 26... Nh4 27. Qd6 {[%emt 0:00:20] Weighted Error Value: White=0.10 (very precise) /Black=0.30.  Mistake:       	---       	Black=5      Inaccurate:     	---       	Black=1      OK:         	White=6     	Black=4      Best:        	White=1     	Black=1} ({And not} 27. Qxa7 Qe4 28. f3 (28. Qxc5 $2 Qxg2#) 28... Qc2 $11) 1-0